 Dungeon Crawl Stone Soup version 0.30.0-30-g96aa6591b8 (webtiles) character file.

Game seed: 14409347201929685406

100 Chiseanne the Sneak (level 4, 0/31 (33) HPs)
             Began as an Octopode Delver on June 28, 2023.
             Slain by a wight
             ... wielding a +3 great sword
              (6 damage)
             ... on level 6 of the Dungeon.
             The game lasted 00:02:18 (507 turns).

Chiseanne the Sneak (Octopode Delver)                Turns: 507, Time: 00:02:19

HP:   0/31 (33)     AC:  1    Str: 11    XL:     4   Next: 73%
MP:   4/4           EV: 14    Int: 12    God:
Gold: 62            SH:  0    Dex: 15    Spells: 3/3 levels left

rFire   . . .        a - +0 short sword
rCold   . . .        (no shield)
rNeg    . . .        (helmet restricted)
rPois   .            (no amulet)
rElec   .            (no ring)
rCorr   .            (no ring)
SInv    .            (no ring)
Will    .....        (no ring)
Stlth   +++++        (no ring)
HPRegen 0.25/turn    (no ring)
MPRegen 0.09/turn    (no ring)
                     (no ring)

%: no passive effects
@: drained
A: almost no armour, amphibious, 8 rings, camouflage 1, gelatinous body 1,
(nimble swimmer 1), tentacles
a: no special abilities


You were on level 6 of the Dungeon.
You visited 1 branch of the dungeon, and saw 2 of its levels.

You collected 62 gold pieces.

Inventory:

Hand Weapons
 a - a +0 short sword (weapon)
Missiles
 e - 3 stones (quivered)
Wands
 f - a wand of digging (3)
Scrolls
 b - a scroll of fog
 d - a scroll of fear
Potions
 g - a potion of ambrosia {unknown}
 h - a potion of degeneration {unknown}


   Skills:
 * Level 3.9 Fighting
 - Level 2.0 Short Blades
 * Level 3.1 Dodging
 * Level 7.5 Stealth


You had 3 spell levels left.
You didn't know any spells.
Your spell library contained the following spells:

 Spells                   Type           Power      Damage    Failure   Level
 Simulacrum               Ice/Necr       0%         N/A       100%        6
 Ozocubu's Refrigeration  Ice            0%         4d7       100%        7
 Polar Vortex             Ice            0%         N/A       100%        9


Dungeon Overview and Level Annotations

Branches:
Dungeon (6/15)
 Temple: D:4-7

Altars:
Dithmenos
Qazlal
Trog


Innate Abilities, Weirdness & Mutations

You cannot wear most types of armour.
You are amphibious.
You can wear up to eight rings at the same time.
Your skin changes colour to match your surroundings (Stealth+).
Your rubbery body absorbs attacks. (AC +1, EV +1)
((You are camouflaged when in or above water. (Stealth+)))
You have tentacles for arms and can constrict up to eight enemies at once.


Message History

There is a stone staircase leading up here.
h - a black potion A wight comes into view.
It is wielding a +0 dire flail.
A wight comes into view. It is wielding a +3 spear.
Okay, then.
A wight comes into view.
It is wielding a +5 great sword of freezing.
A wight comes into view. It is wielding a +3 great sword.
Found 5 gold pieces.
You see here 5 gold pieces.
You see here 5 gold pieces.
It was a potion of curing.
You feel better. The wight closely misses you.
You hit the wight but do no damage. You grab the wight.
You constrict the wight, but do no damage.
You hit the wight but do no damage. You squeeze the wight.
The wight is moderately damaged.
You constrict the wight, but do no damage.
The wight hits you with a +3 great sword!
You hit the wight but do no damage.
The wight is moderately damaged.
You constrict the wight, but do no damage.
The wight misses you.
You hit the wight. Your squeeze misses the wight.
The wight is moderately damaged.
You constrict the wight.
The wight hits you with a +3 great sword!
You feel drained.
You hit the wight.
You squeeze the wight, but do no damage.
The wight is heavily damaged.
You constrict the wight.
The wight hits you with a +3 great sword.
* * * LOW HITPOINT WARNING * * *
You feel drained.
* * * LOW HITPOINT WARNING * * *
You hit the wight but do no damage.
You squeeze the wight, but do no damage.
The wight is severely damaged.
You constrict the wight.
The wight hits you with a +3 great sword.
You die...

.#.....#.<#
.........##
#.......## ######..#
##.# #.# #### #.#
###...## #.#
##......# #.##
##@.......# #..##
##z........#
#...####.........##
#..#..##............
#.###............###


.zz ##...........# .... #..........## ..... ##.#.......# .... #..#.....## You
could see a wight.

Vanquished Creatures
  A howler monkey (D:5)
  A hound (D:5)
  An iguana (D:5)
  An adder (D:5)
4 creatures vanquished.

Notes
Turn   | Place    | Note
-------+----------+-------------------------------------------
     0 | D:5      | Chiseanne the Octopode Delver began the quest for the Orb.
     0 | D:5      | Reached XP level 1. HP: 16/16 MP: 1/1
     3 | D:5      | Noticed a howler monkey
    11 | D:5      | Killed a howler monkey
    12 | D:5      | Reached skill level 7 in Stealth
    12 | D:5      | Reached XP level 2. HP: 17/21 MP: 2/2
    12 | D:5      | Reached XP level 3. HP: 22/26 MP: 3/3
    24 | D:5      | Reached XP level 4. HP: 31/33 MP: 4/4
    39 | D:5      | Noticed a scorpion
   250 | D:5      | Found a bloodstained altar of Trog.
   350 | D:5      | Found a stormy altar of Qazlal.
   382 | D:5      | Found a shadowy altar of Dithmenos.
   507 | D:6      | Slain by a wight

Illustrated notes

Levels and vault maps discovered:
D:5:      layout_loops_corners, nicolae_qazlal_scattered_showers,
          mainiacjoe_overflow_concentric_impassable,
          nicolae_dithmenos_shadow_blocks
D:6:      layout_cave_pods, minmay_temple_entry_proselytizer,
          minmay_misc_feat_hallway

Skill      XL: |  1  2  3  4 |
---------------+-------------+-----
Stealth        | 7 |  7.5
Dodging        | 3 |  3.1
Fighting       | |  3.9
Short Blades   | |  2.0

Action                     |  1- 3 |  4- 6 || total
---------------------------+-------+-------++-------
  Melee: Short sword       |     3 |    15 ||    18
         Tentacles         |     2 |     4 ||     6
         Constrict         |     1 |     2 ||     3
    Use: Potion            |       |     3 ||     3
         Scroll            |       |     1 ||     1
   Stab: Sleeping          |     2 |     1 ||     3
 Armour: Skin              |       |     1 ||     1
  Dodge: Dodged            |       |     9 ||     9
